[Event "Titled Tuesday Blitz July 6 2021"]
[White "Garcia, Gabriel Gonzaga"]
[Black "Stremavicius, Titas"]
[WhiteFideId "2138956"]
[BlackFideId "12804444"]
[WhiteElo "2240"]
[BlackElo "2437"]
[Result "0-1"]
[Round "03"]
[TimeControl "180+1"]
[Date "2021.07.06"]
[WhiteClock "0:00:02"]
[BlackClock "0:00:07"]

1. e4 d6 2. d4 Nf6 3. Nc3 g6 4. Be2 Bg7 5. g4 c6 6. g5 Nfd7 7. h4 e5 8. d5 f5 9. exf5 gxf5 10. Bh5+ Ke7 11. Nge2 Nb6 12. Be3 f4 13. Bxb6 axb6 14. Qd3 Na6 15. Rd1 Nc5 16. Qd2 Bf5 17. b4 Ne4 18. Nxe4 Bxe4 19. O-O Bxd5 20. Rfe1 Be6 21. Nxf4 exf4 22. Bg4 Be5 23. Bxe6 Kxe6 24. Qxf4 Rf8 25. Rxe5+ dxe5 26. Qc4+ Ke7 27. Rxd8 Raxd8 28. Qe4 Ke6 29. Qxh7 Rd1+ 30. Kg2 Rd2 31. Qxb7 Rdxf2+ 32. Kg3 R8f3+ 33. Kg4 e4 34. Qxc6+ Ke5 35. Qe8+ Kd4 36. Qd7+ Ke3 37. g6 Rg2+ 38. Kh5 Rfg3 39. Qe6 b5 40. Kh6 Kd4 41. h5 e3 42. Qd6+ Kc3 43. Qc5+ Kd2 44. Qxb5 e2 45. Qd5+ Kxc2 46. Qe4+ Kd2 47. Qd4+ Rd3 48. Qf4+ Kd1 49. Qe4 Rgg3 50. g7 e1=Q 51. Qxd3+ Rxd3 52. g8=Q Rd6+ 53. Kh7 Rd7+ 54. Kh6 Qe3+ 55. Qg5 Rd6+ 0-1


[Site "https://www.chess.com"]

[Event "Titled Tuesday Blitz July 6 2021"]
[White "Grischuk, Alexander"]
[Black "Tanenbaum, Zachary"]
[WhiteFideId "4126025"]
[BlackFideId "2060850"]
[WhiteElo "2765"]
[BlackElo "2165"]
[Result "1-0"]
[Round "03"]
[TimeControl "180+1"]
[Date "2021.07.06"]
[WhiteClock "0:00:10"]
[BlackClock "0:00:16"]

1. e4 e5 2. Nf3 Nc6 3. Bb5 a6 4. Ba4 d6 5. c3 Nf6 6. O-O Be7 7. Re1 O-O 8. h3 b5 9. Bb3 Bb7 10. d3 Nb8 11. Nbd2 Nbd7 12. Nf1 h6 13. Ng3 Re8 14. d4 Bf8 15. Bc2 g6 16. Bd2 Bg7 17. a4 Qe7 18. Bd3 c6 19. Qc2 Rac8 20. b3 Nf8 21. b4 N8d7 22. Qa2 Nb6 23. dxe5 dxe5 24. a5 Rcd8 25. Bf1 Nc8 26. c4 Nd6 27. c5 Nc8 28. Bc3 Nd7 29. Rad1 Nf8 30. Qb2 f6 31. Bd3 Ne6 32. Bc2 Nf4 33. Ne2 Ne6 34. Bb3 Kh7 35. Qa2 Nf8 36. Ng3 Rxd1 37. Rxd1 Rd8 38. Rxd8 Qxd8 39. Qe2 Ne7 40. Nf1 Bc8 41. Kh2 Be6 42. Bxe6 Nxe6 43. g3 Qd7 44. Ne3 h5 45. Ng2 Kg8 46. Nfh4 Kf7 47. f4 Nd4 48. Qf2 Kg8 49. Bxd4 Qxd4 50. Qxd4 exd4 51. Ne1 f5 52. e5 Nd5 53. Nd3 Kf7 54. Nf3 Ne3 55. Nxd4 Bf8 56. Nxc6 Ke6 57. Nb8 Kd5 58. c6 Ke4 59. c7 h4 60. gxh4 Kf3 61. c8=Q Bh6 62. Qc6+ Ke2 63. Qxg6 Bf8 64. Qf6 Bxb4 65. Nxb4 Kf2 66. Qb6 Kf1 67. h5 Kf2 68. Qxe3+ Kf1 69. Qf3+ Ke1 70. Qg2 Kd1 71. Qf2 Kc1 72. Qc2# 1-0


[Site "https://www.chess.com"]

[Event "Titled Tuesday Blitz July 6 2021"]
[White "Guliev, Logman"]
[Black "Khanin, Semen"]
[WhiteFideId "13400061"]
[BlackFideId "4111990"]
[WhiteElo "2128"]
[BlackElo "2521"]
[Result "0-1"]
[Round "03"]
[TimeControl "180+1"]
[Date "2021.07.06"]
[WhiteClock "0:01:03"]
[BlackClock "0:01:53"]

1. e4 c6 2. d4 d5 3. exd5 cxd5 4. c4 dxc4 5. Bxc4 Nf6 6. Nf3 e6 7. O-O Be7 8. Nc3 O-O 9. a3 Nbd7 10. Bg5 h6 11. Bh4 Nb6 12. Ba2 Bd7 13. Rc1 Rc8 14. Ne5 Bc6 15. Nxc6 Rxc6 16. Qd3 Nbd5 17. Nxd5 Nxd5 18. Bb1 g6 19. Rxc6 bxc6 20. Bg3 Bf6 21. b4 Qb6 22. Rd1 Rd8 23. Be5 Kg7 24. Qg3 Rd7 25. h3 a5 26. bxa5 Qxa5 27. Be4 Bxe5 28. dxe5 Nc3 29. Re1 Rd1 30. Qe3 Ne2+ 31. Qxe2 Rxe1+ 0-1


[Site "https://www.chess.com"]

[Event "Titled Tuesday Blitz July 6 2021"]
[White "Gunina, Valentina"]
[Black "Slovak_fighter2000"]
[WhiteFideId "4167570"]
[WhiteElo "2399"]
[BlackElo "2494"]
[Result "1-0"]
[Round "03"]
[TimeControl "180+1"]
[Date "2021.07.06"]
[WhiteClock "0:00:26"]
[BlackClock "0:00:05"]

1. d4 Nf6 2. c4 e6 3. Nf3 b6 4. g3 Bb7 5. Bg2 Be7 6. O-O O-O 7. Qc2 c5 8. dxc5 bxc5 9. Nc3 Nc6 10. Rd1 d6 11. b3 Qb8 12. Bb2 Rd8 13. Ng5 Nd4 14. Qd2 Bxg2 15. Kxg2 Qb7+ 16. f3 h6 17. Nge4 Nxe4 18. Nxe4 f5 19. Nf2 Bf6 20. Rab1 a5 21. Re1 a4 22. Bxd4 Bxd4 23. e3 Bf6 24. e4 Bd4 25. exf5 exf5 26. Nd3 axb3 27. axb3 Qd7 28. Nf4 Re8 29. Nd5 Rxe1 30. Rxe1 Re8 31. Re2 Re6 32. Nf4 Re5 33. Rxe5 dxe5 34. Nd5 Qb7 35. Qc2 g6 36. Qa2 Kg7 37. Qa4 e4 38. fxe4 fxe4 39. Qe8 Qxb3 40. Qe7+ Kg8 41. Qxe4 Kg7 42. Nf4 Qxc4 43. Qxg6+ Kf8 44. Qxh6+ Ke7 45. Qh7+ Ke8 46. Qe4+ Kd7 47. h4 Qa2+ 48. Kh3 Qa1 49. Qe6+ Kd8 50. h5 Qh1+ 51. Kg4 Qd1+ 52. Kg5 Qg1 53. Qd6+ Kc8 54. Nd5 Qc1+ 55. Qf4 Qxf4+ 56. Kxf4 Kd7 57. g4 c4 58. Ke4 Bh8 59. Nb6+ Ke6 60. Nxc4 Kf7 61. Kf5 Bc3 62. Ne5+ Kg7 63. g5 Bb2 64. h6+ Kh7 65. Ng4 Bc3 66. Nf6+ Kh8 67. g6 1-0


[Site "https://www.chess.com"]

[Event "Titled Tuesday Blitz July 6 2021"]
[White "Jobava, Baadur"]
[Black "Shevelev, Dmitry"]
[WhiteFideId "13601520"]
[BlackFideId "24233463"]
[WhiteElo "2748"]
[BlackElo "2462"]
[Result "1-0"]
[Round "03"]
[TimeControl "180+1"]
[Date "2021.07.06"]
[WhiteClock "0:02:27"]
[BlackClock "0:00:46"]

1. d4 g6 2. Nc3 Bg7 3. e4 c6 4. d5 Nf6 5. Nf3 O-O 6. Be2 b5 7. a3 a5 8. O-O Ba6 9. e5 Nxd5 10. Nxd5 cxd5 11. Qxd5 Nc6 12. Bxb5 e6 13. Qd3 Bxb5 14. Qxb5 Rb8 15. Qe2 a4 16. h3 Qa5 17. Re1 Rb5 18. Bd2 Qb6 19. Bc3 Rxb2 20. Bxb2 Qxb2 21. Rad1 Qxa3 22. Rxd7 Qc3 23. Rc7 a3 24. Qa6 Nxe5 25. Rxc3 Nxf3+ 26. Rxf3 1-0


[Site "https://www.chess.com"]

[Event "Titled Tuesday Blitz July 6 2021"]
[White "Kalajzic, Ivan"]
[Black "Leitao, Rafael"]
[WhiteFideId "14506378"]
[BlackFideId "2101246"]
[WhiteElo "2163"]
[BlackElo "2609"]
[Result "1-0"]
[Round "03"]
[TimeControl "180+1"]
[Date "2021.07.06"]
[WhiteClock "0:00:30"]
[BlackClock "0:00:34"]

1. b3 e5 2. Bb2 Nc6 3. e3 Nf6 4. Bb5 Bd6 5. Na3 a6 6. Be2 b5 7. c4 b4 8. Nc2 O-O 9. Nf3 e4 10. Nfd4 Nxd4 11. Nxd4 c5 12. Nf5 Bc7 13. f4 d5 14. Ng3 d4 15. Qc1 Re8 16. O-O Ng4 17. Bxg4 Bxg4 18. Qe1 Bc8 19. Qf2 Bb6 20. a3 Bb7 21. axb4 dxe3 22. dxe3 f6 23. Rad1 Qc7 24. bxc5 Bxc5 25. Bd4 Rab8 26. Nf5 Bc8 27. Bxc5 Qxc5 28. Nd4 Bg4 29. Ra1 a5 30. Qd2 Rb4 31. h3 Bd7 32. Nc2 Rb7 33. Rxa5 Qc7 34. Nd4 Rd8 35. Rfa1 Bc8 36. Qa2 Qf7 37. Ra7 h5 38. Rxb7 Bxb7 39. Qa5 Qg6 40. Qxd8+ 1-0


[Site "https://www.chess.com"]

[Event "Titled Tuesday Blitz July 6 2021"]
[White "Kamsky, Gata"]
[Black "Yang, Kaiqi"]
[WhiteFideId "2000024"]
[BlackFideId "8604398"]
[WhiteElo "2644"]
[BlackElo "2373"]
[Result "1-0"]
[Round "03"]
[TimeControl "180+1"]
[Date "2021.07.06"]
[WhiteClock "0:00:08"]
[BlackClock "0:00:01"]

1. e4 e6 2. Qe2 c5 3. Nf3 Nc6 4. g3 g6 5. Bg2 Bg7 6. O-O Nge7 7. c3 d6 8. Na3 O-O 9. Rd1 e5 10. Nc4 h6 11. d3 f5 12. exf5 Bxf5 13. Nh4 Be6 14. f4 Qd7 15. fxe5 d5 16. Ne3 Nxe5 17. Nf3 Nxf3+ 18. Bxf3 Rae8 19. Re1 d4 20. Ng4 Nf5 21. Bd2 Bf7 22. Qg2 dxc3 23. Bxc3 Bxc3 24. bxc3 Qxd3 25. Nf6+ Kg7 26. Nxe8+ Rxe8 27. Rxe8 Bxe8 28. Re1 Bf7 29. Bxb7 Qxc3 30. Qf2 Nd4 31. Bg2 a5 32. h4 h5 33. Re7 Nf5 34. Rc7 Nxg3 35. Qxf7+ Kh6 36. Qh7# 1-0


[Site "https://www.chess.com"]

[Event "Titled Tuesday Blitz July 6 2021"]
[White "Keymer, Vincent"]
[Black "Potapova, Margarita"]
[WhiteFideId "12940690"]
[BlackFideId "14126869"]
[WhiteElo "2474"]
[BlackElo "2229"]
[Result "1-0"]
[Round "03"]
[TimeControl "180+1"]
[Date "2021.07.06"]
[WhiteClock "0:00:12"]
[BlackClock "0:00:03"]

1. Nf3 Nf6 2. c4 e6 3. Nc3 d5 4. e3 dxc4 5. Bxc4 b6 6. O-O Bb7 7. d4 Be7 8. Qe2 O-O 9. Rd1 Ne4 10. Bd3 Nxc3 11. bxc3 Nd7 12. a4 c5 13. a5 bxa5 14. Bd2 Bxf3 15. Qxf3 g6 16. Qb7 Bf6 17. Qa6 Qb6 18. Qxa5 Rfc8 19. h3 e5 20. Be4 Rab8 21. Qxa7 Qxa7 22. Rxa7 Nb6 23. d5 Rd8 24. Be1 Bg7 25. g4 Nc4 26. Bf3 Nd6 27. Be2 Rb2 28. Kf1 f5 29. Rc7 Rc8 30. Rxc8+ Nxc8 31. d6 Nxd6 32. Rxd6 e4 33. gxf5 gxf5 34. Rd5 Rb1 35. Bc4 Kf8 36. Rxf5+ Ke8 37. Ke2 Rb2+ 38. Kd1 Rb1+ 39. Kd2 Rb2+ 40. Kc1 Rb8 41. Rxc5 Ra8 42. Bd2 Ra1+ 43. Kc2 Bf8 44. Re5+ Kd7 45. Rxe4 Bd6 46. Rd4 Kc6 47. Bb3 Bc5 48. Ra4 Rf1 49. f4 Rf2 50. Kd3 Rf1 51. h4 Rf3 52. Ra6+ Kb7 53. Bd5+ Kxa6 54. Bxf3 1-0


[Site "https://www.chess.com"]

[Event "Titled Tuesday Blitz July 6 2021"]
[White "Khamrakulov, Djurabek"]
[Black "Karttunen, Mika"]
[WhiteFideId "14201143"]
[BlackFideId "502081"]
[WhiteElo "2535"]
[BlackElo "2343"]
[Result "1-0"]
[Round "03"]
[TimeControl "180+1"]
[Date "2021.07.06"]
[WhiteClock "0:01:12"]
[BlackClock "0:00:18"]

1. d4 Nf6 2. Nf3 e6 3. g3 c5 4. Bg2 cxd4 5. Nxd4 Nc6 6. O-O d5 7. c4 Be7 8. Nc3 O-O 9. cxd5 exd5 10. b3 Be6 11. Bb2 Rc8 12. Rc1 a6 13. Nxe6 fxe6 14. e4 d4 15. Ne2 e5 16. Qd3 Qd7 17. a3 Kh8 18. f4 Bd6 19. h3 Rcd8 20. Kh2 Qe7 21. b4 Nd7 22. f5 Nb6 23. Rcd1 Na4 24. Bc1 a5 25. Qb3 b5 26. bxa5 Rb8 27. g4 Nxa5 28. Qg3 Nc4 29. Rd3 Nc5 30. Rdd1 d3 31. Nc3 b4 32. axb4 Nb3 33. Nd5 Qf7 34. Qxd3 Nxc1 35. Qxc4 Rfc8 36. Qa6 Bf8 37. Rxc1 Rd8 38. Rc7 Rd7 39. Rfc1 Rbd8 40. Qe6 1-0


[Site "https://www.chess.com"]

[Event "Titled Tuesday Blitz July 6 2021"]
[White "Khusnutdinov, Rustam"]
[Black "Kavyev, Ruslan"]
[WhiteFideId "13701703"]
[BlackFideId "34110981"]
[WhiteElo "2571"]
[BlackElo "2172"]
[Result "1/2-1/2"]
[Round "03"]
[TimeControl "180+1"]
[Date "2021.07.06"]
[WhiteClock "0:00:16"]
[BlackClock "0:00:40"]

1. d4 Nf6 2. c4 g6 3. Nc3 d5 4. Bg5 Ne4 5. Bh4 Nxc3 6. bxc3 dxc4 7. e3 Be6 8. Be2 Nd7 9. Nf3 Bg7 10. O-O O-O 11. Qc2 h6 12. Rfb1 Nb6 13. a4 a5 14. Bg3 f5 15. Be5 Bd5 16. Bxg7 Kxg7 17. Ne5 Be4 18. Qa2 Bxb1 19. Rxb1 Qd5 20. Rb5 Qe6 21. Bf3 Rab8 22. h4 Nd7 23. Rxa5 b6 24. Bd5 Qd6 25. Nxc4 Qf6 26. Ra7 Rfc8 27. g3 g5 28. h5 f4 29. e4 fxg3 30. fxg3 Qf3 31. Qf2 Qxf2+ 32. Kxf2 Nf6 33. Bc6 Nxh5 34. e5 Kf7 35. Na3 Ng7 36. Nb5 Ne8 37. d5 Kg6 38. g4 h5 39. Kg3 h4+ 40. Kh3 Kg7 41. c4 Kg6 42. Bd7 Rd8 43. Bc6 Rbc8 44. Nd4 Rb8 45. Ne6 Rdc8 46. Nf8+ Kf7 47. Nd7 Kg6 48. Kg2 Kf7 49. Kf3 Kg6 50. Ke4 Kf7 51. Kf3 Kg6 52. Nxb8 Rxb8 53. Bxe8+ Rxe8 54. Rxc7 Rf8+ 55. Kg2 Rf4 56. Rc6+ Kf7 57. Kh2 Rxg4 58. Kh3 Re4 59. Kh2 Rxe5 60. Rxb6 Re4 61. Rc6 g4 62. Rh6 Re2+ 63. Kg1 h3 64. Rh4 Re4 65. c5 Rxa4 66. c6 Rc4 67. Kh2 g3+ 68. Kxh3 Rxh4+ 69. Kxh4 g2 70. c7 g1=Q 71. c8=Q Qd4+ 72. Kg5 Qxd5+ 73. Qf5+ Qxf5+ 74. Kxf5 Ke8 75. Ke6 Kd8 76. Ke5 Kd7 77. Kd5 e6+ 78. Ke5 Ke7 79. Ke4 1/2-1/2


[Site "https://www.chess.com"]

[Event "Titled Tuesday Blitz July 6 2021"]
[White "Koellner, Ruben Gideon"]
[Black "Wagner, Dennis"]
[WhiteFideId "12993093"]
[BlackFideId "24650684"]
[WhiteElo "2527"]
[BlackElo "2355"]
[Result "1-0"]
[Round "03"]
[TimeControl "180+1"]
[Date "2021.07.06"]
[WhiteClock "0:00:20"]
[BlackClock "0:00:12"]

1. d4 Nf6 2. Bg5 g6 3. Bxf6 exf6 4. g3 d5 5. Bg2 c6 6. e3 h5 7. h4 Bg4 8. Ne2 Bd6 9. b3 Nd7 10. Nd2 O-O 11. O-O Re8 12. c4 dxc4 13. bxc4 Rb8 14. Rb1 Qa5 15. Qc2 Qc7 16. Rfe1 Bxe2 17. Rxe2 Bxg3 18. fxg3 Qxg3 19. Nf1 Qxh4 20. Qd2 f5 21. Qe1 Qf6 22. Qf2 Nb6 23. c5 Nd5 24. Bxd5 cxd5 25. Reb2 b6 26. Qh2 h4 27. Qd6 Qxd6 28. cxd6 Rbd8 29. Rh2 g5 30. Rf2 Rxd6 31. Rxf5 f6 32. Rc1 Re7 33. Rc8+ Kg7 34. Rf2 Kg6 35. Rfc2 f5 36. Rg8+ Kf6 37. Rcc8 Rde6 38. Rcf8+ Rf7 39. Rxf7+ Kxf7 40. Rxg5 Kf6 41. Rh5 Rc6 42. Rh6+ Kg5 43. Rxc6 1-0


[Site "https://www.chess.com"]

[Event "Titled Tuesday Blitz July 6 2021"]
[White "Kokoszczynski, Jan"]
[Black "Arabidze, Meri"]
[WhiteFideId "1174460"]
[BlackFideId "13604040"]
[WhiteElo "2166"]
[BlackElo "2432"]
[Result "1/2-1/2"]
[Round "03"]
[TimeControl "180+1"]
[Date "2021.07.06"]
[WhiteClock "0:00:12"]
[BlackClock "0:00:10"]

1. e4 c5 2. Nf3 e6 3. d4 cxd4 4. Nxd4 Nc6 5. Nc3 a6 6. Nxc6 bxc6 7. Bd3 d5 8. O-O Nf6 9. Re1 Be7 10. e5 Nd7 11. Qg4 g6 12. Bh6 Qc7 13. Qg3 Bb7 14. b3 c5 15. Rad1 Bf8 16. Bxf8 Kxf8 17. h4 Rg8 18. Na4 h6 19. c4 d4 20. Be4 g5 21. h5 a5 22. Bxb7 Qxb7 23. Rd3 g4 24. Qf4 Rg5 25. Rg3 Ke7 26. Nb2 Rag8 27. Nd3 Rxh5 28. Rxg4 Rhg5 29. Rxg5 Rxg5 30. f3 Qa8 31. Kf2 Qg8 32. g3 Qg6 33. Rd1 Qh5 34. g4 Qh3 35. Rg1 Rg6 36. Ke2 h5 37. g5 h4 38. Kd2 Rg8 39. Nf2 Qf5 40. Qxf5 exf5 41. f4 Rh8 42. Ke2 h3 43. Rh1 h2 44. Kf3 Nf8 45. Kg3 Ne6 46. Rxh2 Rxh2 47. Kxh2 Nxf4 48. Kg3 Ne2+ 49. Kf3 Nc3 50. Kf4 Nxa2 51. Nd3 Nb4 52. Nxc5 d3 53. Ke3 f4+ 54. Kd2 f3 55. Nxd3 Nc6 56. Ke3 Ke6 57. Kxf3 Nd4+ 58. Ke4 Nxb3 59. Nf4+ Kd7 60. Kf5 a4 61. Nd3 a3 62. Nb4 Nd4+ 63. Kf6 Nc6 64. Na2 Ke8 65. e6 fxe6 66. Kxe6 Nd4+ 67. Kd5 Nf3 68. c5 Nxg5 69. c6 Kd8 70. Kd6 Ne4+ 71. Kd5 Nf6+ 72. Kc5 Kc7 73. Nc3 Ne4+ 74. Kb4 Nxc3 75. Kxa3 Nd5 76. Kb3 Kxc6 1/2-1/2


[Site "https://www.chess.com"]

[Event "Titled Tuesday Blitz July 6 2021"]
[White "Kotepalli, Sai Nirupama"]
[Black "Avila Pavas, Santiago"]
[WhiteFideId "5039444"]
[BlackFideId "4437128"]
[WhiteElo "2402"]
[BlackElo "2244"]
[Result "1-0"]
[Round "03"]
[TimeControl "180+1"]
[Date "2021.07.06"]
[WhiteClock "0:00:57"]
[BlackClock "0:00:20"]

1. e4 Nf6 2. d3 e5 3. Nf3 Nc6 4. g3 Bc5 5. Bg2 O-O 6. O-O d5 7. exd5 Nxd5 8. Nbd2 f6 9. Nc4 Be6 10. Ne3 Qd7 11. Nxd5 Bxd5 12. Be3 Bb6 13. Bxb6 axb6 14. Nd2 Rad8 15. Nb3 Bxg2 16. Kxg2 Qd5+ 17. Qf3 Qxf3+ 18. Kxf3 Nb4 19. Rfc1 Nd5 20. a3 Rd7 21. Re1 Rfd8 22. Rad1 c5 23. Nd2 b5 24. Ne4 b6 25. Ke2 Ne7 26. Nc3 b4 27. axb4 cxb4 28. Ne4 Nc6 29. c3 bxc3 30. bxc3 Ra7 31. Rd2 Ra3 32. Rb1 f5 33. Ng5 Rxc3 34. Rxb6 Nd4+ 35. Kf1 h6 36. Ne6 Nf3 37. Nxd8 Nxd2+ 38. Ke2 Rc2 39. Kd1 Ra2 40. Rb7 Nf3 41. Ne6 Rxf2 42. Rxg7+ Kh8 43. Rf7 Nxh2 44. d4 e4 45. d5 e3 46. Nf4 Rd2+ 47. Kc1 Nf3 48. Re7 h5 49. Rxe3 Rf2 50. d6 Nd4 51. d7 Nc6 52. Re6 1-0


[Site "https://www.chess.com"]

[Event "Titled Tuesday Blitz July 6 2021"]
[White "Kotsur, Pavel"]
[Black "Donchenko, Alexander"]
[WhiteFideId "13700278"]
[BlackFideId "24603295"]
[WhiteElo "2521"]
[BlackElo "2553"]
[Result "1/2-1/2"]
[Round "03"]
[TimeControl "180+1"]
[Date "2021.07.06"]
[WhiteClock "0:00:05"]
[BlackClock "0:00:17"]

1. e4 e5 2. Nf3 Nc6 3. d4 exd4 4. Nxd4 Bc5 5. Nb3 Bb6 6. Nc3 Nge7 7. Qe2 d6 8. Be3 Ng6 9. O-O-O Be6 10. f4 Bg4 11. Qxg4 Bxe3+ 12. Kb1 Bxf4 13. h4 h5 14. Qf3 Be5 15. g3 Qf6 16. Qxf6 gxf6 17. Nd5 O-O-O 18. Bh3+ Kb8 19. Rhg1 Nce7 20. Ne3 Rhg8 21. c3 Nf8 22. Nf1 Ne6 23. Nd4 Nc5 24. Re1 Rg7 25. Re3 Rdg8 26. Ne2 d5 27. exd5 Nxd5 28. Rf3 Ne4 29. Bf5 Nd6 30. Bd3 a5 31. a4 Nb6 32. b3 Nd5 33. Kc2 Re8 34. Ne3 Nxe3+ 35. Rxe3 Reg8 36. Rg2 Rg4 37. Rg1 b6 38. Kd1 Nb7 39. Ke1 Nc5 40. Bc2 c6 41. Kf2 b5 42. axb5 cxb5 43. Ra1 a4 44. bxa4 bxa4 45. Rb1+ Kc7 46. Rb5 Kc6 47. Rb1 Rc4 48. Rb4 Rgg4 49. Rb1 Ne4+ 50. Bxe4+ Rgxe4 51. Rxe4 Rxe4 52. Ra1 Rc4 53. Ra3 Kb5 54. Ke3 Rg4 55. Kd3 Bxg3 56. c4+ Kb4 57. Ra1 Be5 58. Rb1+ Kc5 59. Rb5+ Kc6 60. Ra5 Rxh4 61. Rxa4 Rg4 62. Ra6+ Kd7 63. Ra7+ Ke6 64. Ra6+ Kf5 65. c5 h4 66. c6 h3 67. Ra5 h2 68. c7 h1=Q 69. c8=Q+ Kg5 70. Qg8+ Kf5 71. Qc8+ Kg5 72. Qg8+ Kf5 73. Qc8+ 1/2-1/2


[Site "https://www.chess.com"]

[Event "Titled Tuesday Blitz July 6 2021"]
[White "Krivonosov, Oleg"]
[Black "Dubov, Daniil"]
[WhiteFideId "11600349"]
[BlackFideId "24126055"]
[WhiteElo "2469"]
[BlackElo "2722"]
[Result "0-1"]
[Round "03"]
[TimeControl "180+1"]
[Date "2021.07.06"]
[WhiteClock "0:00:14"]
[BlackClock "0:00:11"]

1. Nf3 Nf6 2. c4 g6 3. Nc3 Bg7 4. e4 e5 5. d4 exd4 6. Nxd4 O-O 7. Bd3 Nc6 8. Be3 d5 9. cxd5 Nxd5 10. exd5 Nxd4 11. O-O Nf5 12. Bxf5 Bxf5 13. Bd4 Qh4 14. Bxg7 Kxg7 15. Qd2 Rad8 16. Rad1 Rfe8 17. Rfe1 a6 18. Rxe8 Rxe8 19. h3 h5 20. Qd4+ Qxd4 21. Rxd4 Kf6 22. Rd1 Ke7 23. f3 h4 24. Re1+ Kd7 25. Rxe8 Kxe8 26. Kf2 Ke7 27. Ke3 f6 28. Kd4 b6 29. b4 g5 30. Ne4 Bd7 31. Nc3 Kd6 32. Ne4+ Ke7 33. Nc3 Bc8 34. a3 Bd7 35. Ke3 Kd6 36. Kd4 f5 37. a4 a5 38. b5 Be8 39. Nd1 Bg6 40. Ne3 f4 41. Nc4+ Ke7 42. d6+ Kd8 43. Ne5 Bc2 44. Nf7+ Kd7 45. dxc7 Kxc7 46. Nxg5 Bxa4 47. Ne6+ Kd6 48. Nxf4 Bxb5 49. Ng6 a4 50. Kc3 Kc5 51. Nxh4 Bc4 52. Nf5 b5 53. Ne3 b4+ 54. Kb2 a3+ 55. Ka1 b3 56. Nxc4 Kxc4 57. f4 Kc3 58. f5 Kc2 59. f6 b2+ 0-1


[Site "https://www.chess.com"]

[Event "Titled Tuesday Blitz July 6 2021"]
[White "Lana Rodriguez, David"]
[Black "Svane, Rasmus"]
[WhiteFideId "2270803"]
[BlackFideId "4657101"]
[WhiteElo "2401"]
[BlackElo "2669"]
[Result "1-0"]
[Round "03"]
[TimeControl "180+1"]
[Date "2021.07.06"]
[WhiteClock "0:00:30"]
[BlackClock "0:00:02"]

1. e4 c6 2. d4 d5 3. exd5 cxd5 4. c3 Nc6 5. Nf3 Bg4 6. Bb5 Qc7 7. h3 Bh5 8. Nbd2 e6 9. Qa4 Bd6 10. O-O Ne7 11. Re1 O-O 12. Be2 Rae8 13. Qd1 f6 14. Nf1 e5 15. dxe5 fxe5 16. Ne3 e4 17. Ng5 Bxe2 18. Rxe2 Bh2+ 19. Kh1 Qd6 20. c4 d4 21. Ng4 Bf4 22. Nxe4 Qg6 23. Bxf4 Rxf4 24. Nc5 Rb8 25. Qd3 h5 26. Qg3 Rbf8 27. Ne6 hxg4 28. Nxf4 Qh5 29. Nxh5 1-0


[Site "https://www.chess.com"]

[Event "Titled Tuesday Blitz July 6 2021"]
[White "Leiva, Gianmarco"]
[Black "Moon_stone123"]
[WhiteFideId "3804399"]
[WhiteElo "2365"]
[BlackElo "2416"]
[Result "1-0"]
[Round "03"]
[TimeControl "180+1"]
[Date "2021.07.06"]
[WhiteClock "0:01:38"]
[BlackClock "0:01:02"]

1. e4 c6 2. Nf3 d5 3. d3 dxe4 4. dxe4 Qxd1+ 5. Kxd1 Nd7 6. a4 a5 7. Nfd2 e5 8. f3 f6 9. Na3 Bc5 10. Nac4 Nb6 11. Nb3 Nxc4 12. Nxc5 Nd6 13. Be3 Ne7 14. c3 O-O 15. Kc2 f5 16. Rd1 Rf6 17. Bg5 Nf7 18. Bxf6 gxf6 19. Bc4 b6 20. Nd7 Bxd7 21. Rxd7 Kf8 22. exf5 Nxf5 23. Rxf7+ 1-0


[Site "https://www.chess.com"]

[Event "Titled Tuesday Blitz July 6 2021"]
[White "Lortkipanidze, Nodar"]
[Black "Fernandez, Michael"]
[WhiteFideId "13604058"]
[BlackFideId "5803560"]
[WhiteElo "2312"]
[BlackElo "2110"]
[Result "1/2-1/2"]
[Round "03"]
[TimeControl "180+1"]
[Date "2021.07.06"]
[WhiteClock "0:00:21"]
[BlackClock "0:00:06"]

1. e4 c6 2. d4 d5 3. exd5 cxd5 4. c4 Nf6 5. Nc3 Nc6 6. Nf3 Bg4 7. cxd5 Nxd5 8. Qb3 Bxf3 9. gxf3 e6 10. Qxb7 Nxd4 11. Bb5+ Nxb5 12. Qc6+ Ke7 13. Qxb5 Qd7 14. Nxd5+ exd5 15. Qd3 f6 16. O-O Kf7 17. Bf4 Bc5 18. Rfd1 Rad8 19. Rac1 Bb6 20. b4 h6 21. b5 Rhe8 22. a4 Rc8 23. Rxc8 Rxc8 24. Qb3 Kg8 25. Rxd5 Qf7 26. Qd3 Re8 27. Bd2 Qe6 28. a5 Bc7 29. Rd7 Be5 30. Be3 Qh3 31. f4 Bxf4 32. Qg6 Bxh2+ 33. Kh1 Bg3+ 34. Kg1 Bh2+ 35. Kh1 Bg3+ 36. Kg1 Bh2+ 1/2-1/2


[Site "https://www.chess.com"]

[Event "Titled Tuesday Blitz July 6 2021"]
[White "Makhnev, Denis"]
[Black "Zubov, Alexander"]
[WhiteFideId "13707647"]
[BlackFideId "14109409"]
[WhiteElo "2537"]
[BlackElo "2740"]
[Result "0-1"]
[Round "03"]
[TimeControl "180+1"]
[Date "2021.07.06"]
[WhiteClock "0:00:17"]
[BlackClock "0:00:46"]

1. Nf3 Nf6 2. c4 g6 3. Nc3 d5 4. cxd5 Nxd5 5. Qa4+ Nc6 6. Ne5 Qd6 7. Nxc6 Qxc6 8. Qxc6+ bxc6 9. g3 Bg7 10. Bg2 Be6 11. O-O O-O-O 12. Nxd5 Bxd5 13. d3 h5 14. Be3 a5 15. Bxd5 cxd5 16. Rab1 a4 17. Rfc1 Kd7 18. Bc5 Rb8 19. d4 e5 20. dxe5 Bxe5 21. b3 axb3 22. axb3 Rb5 23. b4 Rhb8 24. Rd1 Ke6 25. Rbc1 f5 26. f3 c6 27. Kg2 Bd6 28. Bxd6 Kxd6 29. e4 Rxb4 30. exd5 cxd5 31. Rd2 Rb2 32. Rd1 d4 33. g4 Ke5 34. gxh5 gxh5 35. Kg3 Rxd2 36. Rxd2 Rb3 37. Re2+ Re3 38. Ra2 f4+ 39. Kf2 d3 40. Ra5+ Kd4 41. Ra4+ Kc3 42. Rxf4 Re2+ 0-1


[Site "https://www.chess.com"]

[Event "Titled Tuesday Blitz July 6 2021"]
[White "Maly, Alexey"]
[Black "Yandarbiev, Ruslan"]
[WhiteFideId "14103184"]
[BlackFideId "4115023"]
[WhiteElo "2285"]
[BlackElo "2114"]
[Result "1-0"]
[Round "03"]
[TimeControl "180+1"]
[Date "2021.07.06"]
[WhiteClock "0:02:21"]
[BlackClock "0:01:22"]

1. d4 Nf6 2. c4 g6 3. Nc3 Bg7 4. e4 O-O 5. Be2 d6 6. Nf3 e5 7. O-O Nc6 8. d5 Ne7 9. Ne1 Nd7 10. Be3 f5 11. f3 f4 12. Bf2 g5 13. a4 Rf6 14. g4 h5 15. h3 a6 16. Kg2 Rh6 17. Rh1 Ng6 18. Nd3 b6 19. a5 Nh4+ 20. Bxh4 gxh4 21. Nb4 hxg4 22. hxg4 Nf6 23. Nc6 Qe8 24. axb6 cxb6 25. Qb3 Qg6 26. Ne7+ 1-0


[Site "https://www.chess.com"]

[Event "Titled Tuesday Blitz July 6 2021"]
[White "Martinez Reyes, Pedro Ramon"]
[Black "Costachi, Mihnea"]
[WhiteFideId "3901807"]
[BlackFideId "1217518"]
[WhiteElo "2398"]
[BlackElo "2482"]
[Result "1-0"]
[Round "03"]
[TimeControl "180+1"]
[Date "2021.07.06"]
[WhiteClock "0:02:10"]
[BlackClock "0:02:44"]

1. e4 c5 2. Nc3 g6 3. d4 Bg7 4. dxc5 Qa5 5. Nf3 Bxc3+ 6. bxc3 Qxc3+ 7. Bd2 Qxc5 8. Bd3 Nc6 9. Rb1 d6 10. h4 Nf6 11. Qc1 Ng4 12. O-O O-O 13. Rb5 Qa3 14. Qxa3 1-0


[Site "https://www.chess.com"]

[Event "Titled Tuesday Blitz July 6 2021"]
[White "Meyer, Lars A."]
[Black "Shetty, Atulya"]
[WhiteFideId "1401947"]
[BlackFideId "2031213"]
[WhiteElo "2297"]
[BlackElo "2352"]
[Result "0-1"]
[Round "03"]
[TimeControl "180+1"]
[Date "2021.07.06"]
[WhiteClock "0:00:10"]
[BlackClock "0:00:59"]

1. d4 d5 2. c4 c6 3. Nf3 Nf6 4. Nc3 a6 5. cxd5 cxd5 6. Bf4 Nc6 7. Rc1 Ne4 8. Qb3 Nxc3 9. Qxc3 e5 10. Bd2 Bb4 11. Qc2 e4 12. Bxb4 Nxb4 13. Qa4+ Nc6 14. Ne5 O-O 15. Nxc6 bxc6 16. e3 Bg4 17. h3 Bh5 18. Bxa6 Ra7 19. Rxc6 f5 20. Qb4 Rxa6 21. Rxa6 Qc8 22. Qc5 Qxa6 23. Qxd5+ Kh8 24. g4 Qd3 25. Rf1 Rc8 26. gxh5 Rc1# 0-1


[Site "https://www.chess.com"]